 Dungeon Sprint DCSS version 0.30-a0-782-ge64f9170bb (webtiles) character file.

Game seed: 8426856790068911011

16046 nuthulu the Peltast (level 12, -3/102 HPs)
             Began as a Formicid Fighter on Feb 23, 2023.
             Was the Champion of Hepliaklqana.
             Killed by divine providence
             ... invoked by a balrug
              (13 damage)
             ... in the Dungeon (Sprint V: "Ziggurat Sprint").
             The game lasted 00:04:28 (1020 turns).

nuthulu the Peltast (Formicid Fighter)              Turns: 1020, Time: 00:04:29

Health: -3/102     AC: 33    Str: 33    XL:     12   Next: 65%
Magic:  12/12      EV: 18    Int:  7    God:    Hepliaklqana [******]
Gold:   0          SH: 33    Dex: 13    Spells: 11/11 levels left

rFire   . . .      SeeInvis +    z - +16 obsidian axe {drain, demonic, Mesm Drain Fly SInv}
rCold   + + .      Faith    .    B - +18 shield of the Gong {Loud rN+ Will+ rCorr EV-5}
rNeg    + + .      Spirit   .    A - +15 Maxwell's patent armour {-Cast -Tele rElec Will+ rCorr}
rPois   +          Reflect  .    (helmet unavailable)
rElec   +          Harm     .    (no cloak)
rCorr   +          Rampage  .    (no gloves)
Will    +++++      NoCast   +    (no boots) Stlth
                                 G - amulet of the acrobat
HPRegen 0.37/turn                F - ring "Alowkik" {rPois rC+ rN+ Will++}
MPRegen 0.13/turn                l - ring "Hoshim" {rC+ Str+6}

@: acrobatic, flying, mesmerised, studying Long Blades
A: reduced essence, permanent stasis, dig shafts and tunnels, antennae 3, four
strong arms
a: Dig, Renounce Religion, Recall Ancestor, Ancestor Identity, Transference,
Idealise


You were in the Dungeon.
You worshipped Hepliaklqana.
Hepliaklqana was exalted by your worship.
You visited 1 branch

Inventory:

Hand Weapons
 a - a +0 war axe
 z - the +16 obsidian axe (weapon) {drain, demonic, Mesm Drain Fly SInv}
   (You found it in the Dungeon)

   Mesm:      Its wielder is mesmerised by any visible foes, and it cannot be
   unequipped while any foes are visible.
   SInv:      It lets you see invisible.
   Fly:       It grants you flight.
   Drain:     It drains your maximum health when unequipped.
Armour
 b - a +0 scale mail
 c - a +0 buckler
 A - the +15 Maxwell's patent armour (worn) {-Cast -Tele rElec Will+ rCorr}
   (You found it in the Dungeon)

   rElec:     It insulates you from electricity.
   -Cast:     It prevents spellcasting.
   -Tele:     It prevents most forms of teleportation.
   rCorr:     It protects you from acid and corrosion.
   Will:      It increases your willpower.
 B - the +18 shield of the Gong (worn) {Loud rN+ Will+ rCorr EV-5}
   (You found it in the Dungeon)

   Loud:      It is deafeningly noisy when blocking attacks.
   EV:        It affects your evasion (-5).
   rN:        It protects you from negative energy.
   rCorr:     It protects you from acid and corrosion.
   Will:      It increases your willpower.
Jewellery
 l - the ring "Hoshim" (right hand) {rC+ Str+6}
   (You found it in the Dungeon)

   [ring of strength]

   Str:       It affects your strength (+6).
   rC:        It protects you from cold.
 s - a ring of flight
 t - a +6 ring of dexterity
 u - a +6 ring of dexterity
 v - a +6 ring of intelligence
 w - a +6 ring of intelligence
 x - a +6 ring of strength
 y - a +6 ring of strength
 C - the amulet "Oxtepuom" {Spirit rPois MP+9 Dex-2}
   (You found it in the Dungeon)

   [amulet of guardian spirit]

   It causes incoming damage to be divided between your reserves of health and
   magic.
   Dex:       It affects your dexterity (-2).
   rPois:     It protects you from poison.
   MP:        It affects your magic capacity (+9).
 E - a ring of positive energy
 F - the ring "Alowkik" (left hand) {rPois rC+ rN+ Will++}
   (You found it in the Dungeon)

   [ring of poison resistance]

   rC:        It protects you from cold.
   rPois:     It protects you from poison.
   rN:        It protects you from negative energy.
   Will:      It greatly increases your willpower.
 G - an amulet of the acrobat (around neck)
 H - the ring of Trepidation {rC+ EV+5 Dex+2 Stlth+}
   (You found it in the Dungeon)

   [ring of evasion]

   EV:        It affects your evasion (+5).
   Dex:       It affects your dexterity (+2).
   rC:        It protects you from cold.
   Stlth:     It makes you more stealthy.
 I - a +6 ring of dexterity
Wands
 q - a wand of mindburst (7)
 r - a wand of light (7)
Scrolls
 h - 4 scrolls of blinking
 m - 4 scrolls of amnesia
 n - 7 scrolls of fog
 o - 5 scrolls of identify
 p - 2 scrolls of fear
 D - a scroll of brand weapon
Potions
 d - 6 potions of might
 e - 9 potions of curing
 f - 9 potions of heal wounds
 g - 7 potions of magic
 i - 2 potions of brilliance
 j - 2 potions of invisibility
 k - 4 potions of resistance


   Skills:
 + Level 17.2 Fighting
 + Level 16.3 Axes
 + Level 19.6 Armour
 + Level 20.2 Shields


You had 11 spell levels left.
You didn't know any spells.
Your spell library contained the following spells:

 Spells                   Type           Power      Damage    Failure   Level
 Beastly Appendage        Tmut           0%         N/A       91%         1
 Foxfire                  Conj/Fire      0%         2x1d4     91%         1
 Sandblast                Erth           0%         2d4       91%         1
 Cigotuvi's Dreadful Rot  Necr/Pois/Air  0%         N/A       97%         2
 Wereblood                Tmut           0%         N/A       97%         2
 Dispel Undead            Necr           0%         3d6       100%        4
 Manifold Assault         Tloc           0%         N/A       100%        4
 Fireball                 Conj/Fire      0%         3d3       100%        5
 Freezing Cloud           Conj/Ice/Air   0%         6-21      100%        5
 Summon Forest            Summ/Tloc      0%         N/A       100%        5
 Death Channel            Necr           0%         N/A       100%        6
 Dispersal                Tloc           0%         N/A       100%        6
 Eringya's Noxious Bog    Tmut/Pois      0%         N/A       100%        6
 Simulacrum               Ice/Necr       0%         N/A       100%        6
 Starburst                Conj/Fire      0%         6d3       100%        6
 Statue Form              Tmut/Erth      0%         N/A       100%        6
 Summon Hydra             Summ           0%         N/A       100%        7
 Disjunction              Tloc           0%         N/A       100%        8
 Polar Vortex             Ice            0%         N/A       100%        9


Dungeon Overview and Level Annotations

Branches:
Dungeon (1/1)

Altars:
Ashenzari
Cheibriados
Dithmenos
Elyvilon
Fedhas
Gozag
Hepliaklqana
Kikubaaqudgha
Makhleb
Nemelex Xobeh
Okawaru
Qazlal
Ru
Sif Muna
Trog
Uskayaw
Vehumet
Wu Jian
Xom
Yredelemnul
Zin
The Shining One
Jiyva
Lugonu

Annotations:
D 1 transporter


Innate Abilities, Weirdness & Mutations

Your life essence is reduced to manifest your ancestor. (-10% HP)
You cannot be hasted, slowed, berserked, paralysed or teleported.
You can dig through walls and to a lower floor.
You have a pair of large antennae on your head. (SInv)
Your four strong arms can wield two-handed weapons with a shield.


Message History

Your sun demon disappears in a puff of smoke!
HP restored.
There is a transporter here.
Welcome to arena 14.
You enter the transporter and appear at another place.
A hell hog, 2 balrugs and 3 tormentors come into view.
A balrug is wielding a +0 demon whip of flaming.
A balrug is wielding a +2 demon whip of pain.
Found six items.
Visions of slaying the balrug flood into your mind.
The tormentor roars!
The balrug shouts! x2; The tormentor roars!
You hear a shout!
You hear an angry squeal.
A searing wretch comes into view.
A fire giant comes into view.
It is wielding a +2 great sword of flaming.
A hell hog comes into view.
A tormentor comes into view.
The tormentor calls on the powers of darkness!
The fire giant convulses!
Your body is wracked with pain!
The tormentor moves out of view.
A hell hog comes into view.
A fire giant and a tormentor come into view.
The fire giant is wielding a +1 great sword of flaming.
Found six items.
The fire giant shouts!
The tormentor roars!
The hell hog breathes fire at you.
The fireball explodes!
The fireball engulfs you!!!
* * * LOW HITPOINT WARNING * * *
The fireball engulfs Twothulu!
Twothulu resists.
The balrug gestures at you.
The bolt of fire hits you but does no damage.
Unknown command.
Found a transporter.
The tormentor calls on the powers of darkness!
The fire giant convulses! x2; Your body is wracked with pain!
* * * LOW HITPOINT WARNING * * *
The tormentor calls on the powers of darkness!
The fire giant convulses! x2; Your body is wracked with pain!
* * * LOW HITPOINT WARNING * * *
The balrug gestures at you. Something smites you!
You die...

▓..†††...▓.
▓....8©8....▓........▓.
▓..|[|[[=[..▓........▓.
▓...C22)|)..▓...©....▓.
▓..2.2hC.2..▓▓▓▓▓▓▓▓▓▓▓
▓...hn2h....▓...8©8...▓
▓.....2.....▓..|)}....▓
▓...R.......▓...))!...▓
▓..@..▓ ▓.........▓
▓▓...▓▓ ▓.........▓
▓..▓.....▓..▓.........▓
▓.....©.....▓.........▓
▓▓▓▓▓▓▓▓▓▓▓▓▓.▓..†..▓.▓
▓....8©8....▓....©....▓
▓..|[..).}..▓▓▓▓▓▓▓▓▓▓▓
▓...)")})...▓...8©8...▓
▓...........▓..[)|)[..▓


You could see the friendly Twothulu the knight, a searing wretch, 2 fire giants,
2 balrugs, 3 hell hogs and 5 tormentors.

Vanquished Creatures
  A nagaraja (D)
  A broodmother (D)
  A stone giant (D)
  A naga warrior (D)
  An orc high priest (D)
  2 steelbarb worms (D)
  3 guardian serpents (D)
  2 naga magi (D)
  2 black mambas (D)
  A yaktaur (D)
  2 rime drakes (D)
  A wind drake (D)
  2 merfolk (D)
  3 hornets (D)
  3 air elementals (D)
  A wyvern (D)
  A steam dragon (D)
  3 nagas (D)
  A warg (D)
  A water moccasin (D)
  4 orc warriors (D)
  3 centaurs (D)
  2 phantoms (D)
  2 scorpions (D)
  An orc priest (D)
  3 orc wizards (D)
  3 adders (D)
  2 ball pythons (D)
  A ball python skeleton (D)
  A quokka zombie (D)
55 creatures vanquished.

Vanquished Creatures (collateral kills)
  A broodmother (D)
  2 cyclopes (D)
  A moth of wrath (D)
  2 yaktaurs (D)
  3 merfolk (D)
  2 wind drakes (D)
  A tarantella (D)
  An air elemental (D)
  A jumping spider (D)
  2 steam dragons (D)
  A warg (D)
  2 water moccasins (D)
  A hell hound (D)
  An acid dragon (D)
  A swamp drake (D)
  2 orc warriors (D)
  2 scorpions (D)
  An iron imp (D)
  An adder skeleton (D)
  An orc (D)
  A ball python (D)
  A ball python zombie (D)
31 creatures vanquished.

Vanquished Creatures (others)
  An air elemental (D)
  2 knights (D)
3 creatures vanquished.

Grand Total: 89 creatures vanquished

Notes
Turn   | Place    | Note
-------+----------+-------------------------------------------
     0 | D        | nuthulu the Formicid Fighter began the quest for the Orb.
     0 | D        | Reached XP level 1. HP: 18/18 MP: 1/1
     0 | D        | Found a shimmering blue altar of Sif Muna.
     0 | D        | Found a sacrificial altar of Ru.
     0 | D        | Found a bloodstained altar of Trog.
     0 | D        | Found a stormy altar of Qazlal.
     0 | D        | Found an iron altar of Okawaru.
     0 | D        | Found a sparkling altar of Nemelex Xobeh.
     0 | D        | Found a blossoming altar of Fedhas.
     0 | D        | Found the +6 Majin-Bo {spellvamp, MP+6 Int+6}
     0 | D        | Found the +27 heavy crossbow "Sniper" {heavy, Acc+∞ SInv}
     0 | D        | Found the +10 dark maul {heavy}
     0 | D        | Found the +15 Maxwell's patent armour {-Cast -Tele rElec
                  | Will+ rCorr}
     0 | D        | Found the +18 shield of the Gong {Loud rN+ Will+ rCorr
                  | EV-5}
     0 | D        | Found the +16 obsidian axe {drain, demonic, Mesm Drain Fly
                  | SInv}
     0 | D        | Found the +7 great mace "Firestarter" {flame, inner flame,
                  | rFlCloud rF++}
     0 | D        | Found the +6 shillelagh "Devastator" {shatter}
     0 | D        | Found the +11 plutonium sword {Contam Stlth-}
     0 | D        | Found the +8 lance "Wyrmbane" {slay drac, rPois rF+ rC+
                  | AC+3}
     0 | D        | Found the +9 sword of Zonguldrok {reap}
     0 | D        | Found the +13 scythe of Curses {drain, curses, Drain}
     0 | D        | Found the +9 sword of Power {lifebolt}
     0 | D        | Found the +7 mace of Variability {chaos, chain chaos}
     0 | D        | Found the +11 Singing Sword {sonic wave}
     0 | D        | Found the +8 storm bow {elec, penet}
     2 | D        | Found a transporter.
     2 | D        | Found an ancient bone altar of Kikubaaqudgha.
     2 | D        | Found a viscous altar of Jiyva.
     2 | D        | Found a corrupted altar of Lugonu.
     2 | D        | Found a hazy altar of Hepliaklqana.
     2 | D        | Found a burning altar of Makhleb.
     2 | D        | Found an opulent altar of Gozag.
    70 | D        | Became a worshipper of Hepliaklqana the Forgotten
    74 | D        | Reached XP level 2. HP: 24/24 MP: 2/2
    76 | D        | Entered arena 2.
    76 | D        | Noticed a phantom
    76 | D        | Noticed a phantom
    76 | D        | Found a transporter.
    80 | D        | Killed a phantom
    81 | D        | Reached skill level 5 in Fighting
    81 | D        | Reached skill level 5 in Shields
    81 | D        | Reached XP level 3. HP: 33/33 MP: 3/3
    81 | D        | Reached XP level 4. HP: 39/39 MP: 4/4
    81 | D        | Killed a phantom
    82 | D        | Reached skill level 7 in Shields
    82 | D        | Reached XP level 5. HP: 46/46 MP: 5/5
    85 | D        | Got the ring "Hoshim" {rC+ Str+6}
    90 | D        | Entered arena 3.
    90 | D        | Noticed a merfolk
    90 | D        | Noticed a merfolk
    90 | D        | Noticed a merfolk
    90 | D        | Reached * piety under Hepliaklqana
    90 | D        | Found a transporter.
    93 | D        | Killed a merfolk
    94 | D        | Reached skill level 9 in Shields
    94 | D        | Reached XP level 6. HP: 37/50 MP: 6/6
    94 | D        | Reached XP level 7. HP: 40/55 MP: 7/7
    96 | D        | Killed a merfolk
    97 | D        | Reached skill level 10 in Shields
    97 | D        | Killed a merfolk
    98 | D        | Reached skill level 11 in Shields
    98 | D        | Reached XP level 8. HP: 34/64 MP: 8/8
   102 | D        | Got the amulet "Oxtepuom" {Spirit rPois MP+9 Dex-2}
   199 | D        | Entered arena 4.
   199 | D        | Found a transporter.
   212 | D        | Entered arena 5.
   212 | D        | Reached ** piety under Hepliaklqana
   212 | D        | Found a transporter.
   214 | D        | Reached skill level 10 in Fighting
   214 | D        | Reached skill level 10 in Axes
   214 | D        | Reached skill level 12 in Shields
   223 | D        | Entered arena 6.
   223 | D        | Noticed a yaktaur
   223 | D        | Noticed a yaktaur
   223 | D        | Noticed a yaktaur
   223 | D        | Found a transporter.
   223 | D        | Reached *** piety under Hepliaklqana
   228 | D        | Reached skill level 10 in Armour
   229 | D        | Killed a yaktaur
   229 | D        | Killed a yaktaur
   230 | D        | Reached skill level 13 in Shields
   230 | D        | Reached XP level 9. HP: 72/72 MP: 9/9
   232 | D        | Killed a yaktaur
   238 | D        | Remembered your ancestor Twothulu as a knight
   249 | D        | Entered arena 7.
   250 | D        | Found a transporter.
   254 | D        | Reached skill level 14 in Shields
   260 | D        | Entered arena 8.
   260 | D        | Noticed a wind drake
   260 | D        | Noticed a merfolk
   260 | D        | Noticed a merfolk
   260 | D        | Noticed a cyclops
   260 | D        | Noticed a cyclops
   260 | D        | Reached **** piety under Hepliaklqana
   261 | D        | Found a transporter.
   264 | D        | Killed a cyclops
   266 | D        | Killed a wind drake
   267 | D        | Reached XP level 10. HP: 70/81 MP: 10/10
   269 | D        | Reached skill level 15 in Shields
   269 | D        | Killed a cyclops
   281 | D        | Entered arena 9.
   282 | D        | Found a transporter.
   288 | D        | Reached skill level 15 in Armour
   294 | D        | Reached skill level 16 in Shields
   408 | D        | Entered arena 10.
   408 | D        | Noticed a rime drake
   408 | D        | Noticed a rime drake
   408 | D        | Reached ***** piety under Hepliaklqana
   409 | D        | Found a transporter.
   413 | D        | Killed a rime drake
   413 | D        | Killed a rime drake
   416 | D        | Reached XP level 11. HP: 55/90 MP: 11/11
   423 | D        | Got Lipteurch's Commentary on the Evolving Syncline
   520 | D        | Entered arena 11.
   521 | D        | Found a transporter.
   528 | D        | Reached skill level 17 in Shields
   539 | D        | Got the ring "Alowkik" {rPois rC+ rN+ Will++}
   547 | D        | Entered arena 12.
   547 | D        | Noticed a steelbarb worm
   547 | D        | Noticed a broodmother
   547 | D        | Noticed a broodmother
   547 | D        | Noticed a moth of wrath
   547 | D        | Noticed a steelbarb worm
   549 | D        | Found a transporter.
   560 | D        | Killed a moth of wrath
   561 | D        | Reached skill level 15 in Fighting
   561 | D        | Killed a steelbarb worm
   562 | D        | Killed a broodmother
   563 | D        | Reached skill level 18 in Shields
   563 | D        | Killed a steelbarb worm
   563 | D        | Killed a broodmother
   564 | D        | Reached skill level 15 in Axes
   615 | D        | Got the ring of Trepidation {rC+ EV+5 Dex+2 Stlth+}
   690 | D        | Entered arena 13.
   690 | D        | Noticed a stone giant
   691 | D        | Noticed an orc high priest
   692 | D        | Found a transporter.
   698 | D        | Killed a stone giant
   699 | D        | Reached skill level 19 in Shields
   699 | D        | Reached XP level 12. HP: 74/99 MP: 12/12
   700 | D        | Killed an orc high priest
   769 | D        | Entered arena 14.
   770 | D        | Noticed a naga warrior
   771 | D        | Noticed a nagaraja
   772 | D        | Found a transporter.
   782 | D        | Killed a naga warrior
   783 | D        | Reached skill level 20 in Shields
   785 | D        | Killed a nagaraja
  1017 | D        | Entered arena 15.
  1017 | D        | Reached ****** piety under Hepliaklqana
  1018 | D        | Noticed a hell hog
  1018 | D        | Noticed a balrug
  1018 | D        | Noticed a balrug
  1018 | D        | Noticed a searing wretch
  1018 | D        | Noticed a fire giant
  1018 | D        | Noticed a hell hog
  1019 | D        | Noticed a hell hog
  1019 | D        | Noticed a fire giant
  1020 | D        | Found a transporter.
  1020 | D        | Killed from afar by a balrug

Illustrated notes

Levels and vault maps discovered:
D:        sprint_v [room_start, room_1, room_2, room_3, room_4, room_5, room_6,
          room_7, room_8, room_9, room_10, room_11, room_12, room_13, room_14,
          room_15, room_16, room_17, room_18, room_19, room_20, room_21,
          room_22, room_23, room_24, room_25, room_26, room_27]

Skill      XL: |  1  2  3  4  5  6  7  8  9 10 11 12 |
---------------+-------------------------------------+-----
Axes           | 7 8 9 11 12 13 15 16 | 16.3
Fighting       | 5 6 8 9 11 12 14 16 17 | 17.2
Armour         | 4 6 7 8 11 13 16 18 19 | 19.6
Shields        | 5 7 9 11 13 14 16 19 20 | 20.2

Action                     |  1- 3 |  4- 6 |  7- 9 | 10-12 || total
---------------------------+-------+-------+-------+-------++-------
  Melee: Broad axe         |     3 |     2 |    17 |    62 ||    84
 Invoke: Ancestor Life: Kn |       |       |     1 |       ||     1
         Ancestor Identity |       |       |     1 |       ||     1
         Recall Ancestor   |       |       |       |     1 ||     1
    Use: Potion            |     1 |       |       |     2 ||     3
   Stab: Distracted        |       |       |     1 |     1 ||     2
 Armour: Plate armour      |     2 |     1 |    10 |    57 ||    70
  Dodge: Dodged            |       |     1 |     1 |    13 ||    15
  Block: Kite shield       |     5 |     5 |    33 |   147 ||   190

Table legend: (Time is in decaauts)
 A = Elapsed time spent in this place.
 B = Non-inter-level travel time spent in this place.
 C = Inter-level travel time spent in this place.
 D = Time resting spent in this place.
 E = Time spent auto-exploring this place.
 F = Levels seen in this place.
 G = Mean time per level.
                   A        B        C        D        E       F      G
               +--------+--------+--------+--------+--------+-----+--------+
         Total |   1017 |   1017 |      0 |    664 |      2 |   1 | 1017.0 |
       Dungeon |   1017 |   1017 |      0 |    664 |      2 |   1 | 1017.0 |
               +--------+--------+--------+--------+--------+-----+--------+

Top non-repeatable levels by time:
       D: 1017 daAuts
